 Dungeon Crawl Stone Soup version 0.30-a0-728-gc68057be0a (webtiles) character file.

Game seed: 17730491501299799587

68130 Crownlay the Covert (level 15, -7/116 HPs)
             Began as a Gnoll Ice Elementalist on Jan 30, 2023.
             Was an Initiate of Gozag.
             Mangled by a frost giant
             ... wielding a +1 battleaxe of freezing
              (32 damage)
             ... in an ice cave.
             The game lasted 01:11:29 (25846 turns).

Crownlay the Covert (Gnoll Ice Elementalist)       Turns: 25846, Time: 01:11:30

Health: -7/116     AC: 19    Str: 10    XL:     15   Next: 25%
Magic:  24/30      EV: 19    Int: 18    God:    Gozag
Gold:   1154       SH: 13    Dex: 21    Spells: 19/36 levels left

rFire   + . .      SeeInvis +    u - +9 war axe of Clean Valiance {venom, Dex+5}
rCold   + + +      Faith    +    R - +0 kite shield
rNeg    . . .      Spirit   .    Q - +0 robe {Archmagi}
rPois   +          Reflect  .    E - +0 helmet
rElec   .          Harm     .    t - +0 cloak
rCorr   .          Rampage  .    O - +2 pair of gloves
Will    ++...      Archmagi +    (no boots)
Stlth   +++++                    y - amulet of Benoogut {Faith rPois Slay+2 SInv}
HPRegen 0.39/turn                s - ring "Naucisurhi" {rF+ rC+++ Str+2 Int-2 Dex+2}
MPRegen 0.22/turn                I - ring of willpower

@: ice-armoured, gold aura, freezing walls, studying Stealth
A: fangs 1, strong nose, distributed training
a: Renounce Religion, Potion Petition, Call Merchant, Bribe Branch


You were in an ice cave.
You worshipped Gozag.
Gozag was most pleased with you.
You visited 4 branches of the dungeon, and saw 20 of its levels.
You also visited: Ossuary and Ice Cave.

You collected 6737 gold pieces.
You spent 3498 gold pieces at shops.
You paid 2085 gold pieces to Gozag.

Inventory:

Hand Weapons
 b - a +1 trident of freezing
 u - the +9 war axe of Clean Valiance (weapon) {venom, Dex+5}
   (You found it on level 5 of the Dungeon)

   Dex:       It affects your dexterity (+5).
 F - the +4 dire flail of Truncation {elec, rC+}
   (You took it off a two-headed ogre on level 7 of the Dungeon)

   rC:        It protects you from cold.
Missiles
 j - 6 silver javelins (quivered)
 k - 9 curare-tipped darts
 N - 4 throwing nets
Armour
 t - a +0 cloak (worn)
 E - a +0 helmet (worn)
 L - a +2 robe of resistance
 O - a +2 pair of gloves (worn)
 Q - a +0 robe of the Archmagi (worn)
 R - a +0 kite shield (worn)
Magical Staves
 S - a staff of conjuration
Jewellery
 s - the ring "Naucisurhi" (left hand) {rF+ rC+++ Str+2 Int-2 Dex+2}
   (You bought it in a shop on level 10 of the Dungeon)

   [ring of protection from fire]

   Str:       It affects your strength (+2).
   Int:       It affects your intelligence (-2).
   Dex:       It affects your dexterity (+2).
   rF:        It protects you from fire.
   rC:        It renders you almost immune to cold.
 y - the amulet of Benoogut (around neck) {Faith rPois Slay+2 SInv}
   (You found it on level 6 of the Dungeon)

   [amulet of faith]

   It allows you to gain divine favour quickly.
   Slay:      It affects your accuracy & damage with ranged weapons and melee
   (+2).
   rPois:     It protects you from poison.
   SInv:      It lets you see invisible.
 H - a ring of protection from fire
 I - a ring of willpower (right hand)
Wands
 a - a wand of polymorph (6)
 e - a wand of paralysis (19)
 v - a wand of flame (16)
 K - a wand of roots (5)
 P - a wand of acid (1)
Scrolls
 c - 4 scrolls of magic mapping
 d - 4 scrolls of fear
 f - 10 scrolls of teleportation
 g - 2 scrolls of torment
 l - a scroll of fog {unknown}
 p - a scroll of enchant weapon
 r - a scroll of brand weapon {unknown}
 w - 7 scrolls of amnesia
 x - 5 scrolls of vulnerability
 z - 8 scrolls of enchant armour
 A - 2 scrolls of silence
 D - 3 scrolls of immolation
 J - 5 scrolls of poison
 T - a scroll of acquirement {unknown}
Potions
 h - 10 potions of curing
 i - 4 potions of brilliance
 m - 4 potions of cancellation
 n - 2 potions of haste
 o - 4 potions of mutation
 q - 4 potions of heal wounds
 B - 3 potions of flight
 C - 2 potions of berserk rage {unknown}
 G - 3 potions of might
 M - 9 potions of ambrosia
 U - 2 potions of resistance


   Skills:
 + Level 10.3 Fighting
 + Level 10.3 Short Blades
 + Level 10.3 Long Blades
 + Level 10.3 Axes
 + Level 10.3 Maces & Flails
 + Level 10.3 Polearms
 + Level 10.3 Staves
 + Level 10.3 Ranged Weapons
 + Level 10.3 Throwing
 + Level 10.3 Armour
 + Level 11.3 Dodging
 + Level 11.5 Stealth
 + Level 10.3 Shields
 + Level 10.3 Unarmed Combat
 + Level 11.4 Spellcasting
 + Level 8.6 Conjurations
 + Level 8.6 Hexes
 + Level 8.6 Summonings
 + Level 8.6 Necromancy
 + Level 8.6 Translocations
 + Level 8.6 Transmutations
 + Level 8.6 Fire Magic
 + Level 11.2 Ice Magic
 + Level 8.6 Air Magic
 + Level 8.6 Earth Magic
 + Level 8.6 Poison Magic
 + Level 11.2 Invocations
 + Level 10.3 Evocations


You had 19 spell levels left.
You knew the following spells:

 Your Spells              Type           Power      Damage    Failure   Level
a - Freeze                Ice            100%       1d10      1%          1
b - Frozen Ramparts       Ice            100%       1d16      1%          3
c - Ozocubu's Armour      Ice            66%        N/A       1%          3
d - Hailstorm             Conj/Ice       62%        3d13      1%          3
e - Summon Ice Beast      Ice/Summ       62%        N/A       2%          4
f - Stone Arrow           Conj/Erth      100%       3d13      1%          3

Your spell library contained the following spells:

 Spells                   Type           Power      Damage    Failure   Level
 Kiss of Death            Conj/Necr      100%       2d13      1%          1
 Confusing Touch          Hex            58%        N/A       1%          3
 Dazzling Flash           Conj/Hex       100%       N/A       1%          3
 Ice Form                 Ice/Tmut       62%        N/A       2%          4
 Anguish                  Hex/Necr       29%        N/A       4%          4
 Animate Armour           Summ/Erth      100%       N/A       4%          4
 Dispel Undead            Necr           58%        3d21      4%          4
 Agony                    Necr           58%        N/A       12%         5
 Silence                  Hex/Air        29%        N/A       12%         5
 Enfeeble                 Hex            29%        N/A       98%         7
 Lehudib's Crystal Spear  Conj/Erth      29%        10d8      100%        8
 Simulacrum               Ice/Necr       Unusable   N/A       N/A         6

Dungeon Overview and Level Annotations

Branches:
Dungeon (12/15)            Temple (1/1) D:6            Lair (5/5) D:10
 Shoals (0/4) Lair:3       Spider (0/4) Lair:2        Slime (0/5) Lair:5
    Orc (2/2) D:10            Elf (0/3) Orc:2       Ossuary (visited)
  IceCv (1/1)

Altars:
Ashenzari
Cheibriados
Dithmenos
Elyvilon
Fedhas
Gozag
Hepliaklqana
Kikubaaqudgha
Makhleb
Nemelex Xobeh
Okawaru
Qazlal
Ru
Sif Muna
Trog
Uskayaw
Vehumet
Wu Jian
Xom
Yredelemnul
Zin
The Shining One

Shops:
D:10 *==(   Orc:1 ?   Orc:2 ![:!

Portals:
Trove: D:10 (give horn of Geryon)

Annotations:
Lair:5 1 runed translucent door


Innate Abilities, Weirdness & Mutations

You have very sharp teeth.
Your uncanny sense of smell can sniff out nearby items.
Your experience applies equally to all skills.


Message History

The frost giant is severely wounded.
You slash the death yak!
The death yak looks as sick as possible!
The frozen ramparts melt away.
The frost giant hits you with a +1 battleaxe of freezing!
The death yak gores you!!
* * * LOW HITPOINT WARNING * * *
You feel much better. The frost giant casts a spell at you.
The bolt of cold hits you. You resist.
* * * LOW HITPOINT WARNING * * *
The death yak completely misses you.
Casting: Ozocubu's Armour (safe; 1% risk of failure)
Confirm with . or Enter, or press ? or * to list all spells.
Casting: Frozen Ramparts (safe; 1% risk of failure)
Press: ? - help, Dir - look around, f - activate You feel a surge of power!
The walls around you are covered in ice.
The frost giant resists.
The wall freezes the frost giant.
The frost giant gestures at you while chanting.
The bolt of cold hits you but does no damage.
You resist.
The wall freezes the yak!
The wall freezes the death yak.
You kill the death yak!
The rime drake resists.
The wall freezes the rime drake.
You kill the rime drake!
You slash the frost giant!
The frost giant looks as sick as possible!
You bite the frost giant, but do no damage.
The frost giant is almost dead.
The frost giant completely resists.
The wall freezes the frost giant but does no damage.
The frost giant gestures at you while chanting.
The bolt of cold hits you! You resist.
* * * LOW HITPOINT WARNING * * *
The wall freezes the yak!
The rime drake resists.
The wall freezes the rime drake.
The frost giant resists.
The wall freezes the frost giant.
The frost giant hits you with a +1 battleaxe of freezing!!
You die...
Your body crumbles into a pile of gold.

#.##...##
≈≈≈###...#### ##≈≈≈
###....####### ≈≈#≈
###...#....# #
≈##### ###....##.
#≈. ##.######
########
##.##.#.#...## ###.
#..###..⌠..# ##...
###@.##...######....
#.YC##..#####.....##
#..k###..####.....##
#.... ##...#....###
##... ###...####
∆###. ##### ∆∆∆$.
∆∆∆:#


You could see a frost giant (extremely poisoned), a yak and a rime drake.

Vanquished Creatures
  An orc warlord (Orc:1)
  Harold (Lair:1)
  A hydra (Lair:5)
  A catoblepas (Lair:2)
  An ogre mage (Orc:2)
  5 two-headed ogres
  A boulder beetle (D:11)
  5 death yaks (IceCv)
  3 skeletal warriors (D:12)
  Nergalle (Orc:1)
  The ghost of jazmu the Skirmisher, a novice DgHs (D:7)
  Pikel (D:4)
  12 orc sorcerers
  An oklob plant (Lair:2)
  A manticore (Lair:3)
  2 cyclopes
  An ugly thing (D:11)
  12 elephants
  3 black mambas
  An ice statue (IceCv)
  12 cane toads
  2 torpor snails
  Maggie (D:8)
  2 ice devils (D:12)
  4 rime drakes
  15 komodo dragons
  An unseen horror (D:10)
  Psyche (D:10)
  A guardian mummy (D:10)
  4 trolls
  10 polar bears
  A queen bee (Lair:1)
  A nameless horror (Lair:2)
  A wind drake (Lair:3)
  6 hornets
  2 dream sheep (Lair:5)
  A jumping spider (Lair:2)
  A shadow (D:10)
  A culicivora (Lair:2)
  14 spriggans
  A wraith (D:10)
  A wyvern (D:9)
  4 basilisks
  63 yaks
  A steam dragon (D:6)
  6 vampire mosquitoes
  A redback (Lair:2)
  An acid dragon (D:11)
  15 water moccasins
  Duvessa (D:6)
  17 orc warriors
  A sky beast (D:8)
  11 black bears
  11 ogres
  35 wolves
  4 boggarts (Lair:5)
  5 centaurs
  A lemure (D:4)
  11 bullfrogs
  3 kobold brigands
  A necrophage (D:5)
  3 scorpions
  10 wights
  Dowan (D:6)
  32 killer bees
  3 howler monkeys (D:8)
  A gnoll bouda (D:7)
  2 centaur zombies (Ossuary)
  3 hounds
  12 orc priests
  3 iguanas
  29 orc wizards
  A scorpion zombie (Ossuary)
  2 ogre zombies (Ossuary)
  4 adders
  4 gnolls (D:7)
  A shadow imp (D:6)
  2 adder zombies (Ossuary)
  3 worms
  2 dart slugs (D:4)
  73 orcs
  3 endoplasms
  A giant cockroach (D:3)
  2 gnoll zombies (Ossuary)
  2 goblins
  4 hobgoblins
  4 quokkas
  6 ball pythons
  6 bats
  8 frilled lizards
  3 goblin zombies (Ossuary)
  2 hobgoblin zombies (Ossuary)
  27 kobolds
  An orc zombie (Ossuary)
  5 rats
595 creatures vanquished.

Vanquished Creatures (collateral kills)
  A hydra (Lair:5)
  A black bear (Lair:5)
2 creatures vanquished.

Vanquished Creatures (others)
  A yak (Lair:2)
  4 orc wizards (Orc:2)
  A bush (Lair:2)
  38 fungi
  54 plants
98 creatures vanquished.

Grand Total: 695 creatures vanquished

Notes
Turn   | Place    | Note
-------+----------+-------------------------------------------
     0 | D:1      | Crownlay the Gnoll Ice Elementalist began the quest for the
                  | Orb.
     0 | D:1      | Reached XP level 1. HP: 13/13 MP: 6/6
   138 | D:1      | Reached XP level 2. HP: 19/19 MP: 5/7
   666 | D:1      | Reached skill level 5 in Spellcasting
   666 | D:1      | Reached XP level 3. HP: 25/25 MP: 3/9
  1112 | D:2      | Reached skill level 1 in Invocations
  1116 | D:2      | Learned a level 3 spell: Frozen Ramparts
  1120 | D:2      | Learned a level 3 spell: Ozocubu's Armour
  1124 | D:2      | Learned a level 3 spell: Hailstorm
  1327 | D:2      | Found a faded altar of an unknown god.
  1513 | D:2      | Reached skill level 1 in Fighting
  1513 | D:2      | Reached skill level 1 in Short Blades
  1513 | D:2      | Reached skill level 1 in Long Blades
  1513 | D:2      | Reached skill level 1 in Axes
  1513 | D:2      | Reached skill level 1 in Maces & Flails
  1513 | D:2      | Reached skill level 1 in Polearms
  1513 | D:2      | Reached skill level 1 in Staves
  1513 | D:2      | Reached skill level 1 in Ranged Weapons
  1513 | D:2      | Reached skill level 1 in Throwing
  1513 | D:2      | Reached skill level 1 in Armour
  1513 | D:2      | Reached skill level 1 in Shields
  1513 | D:2      | Reached skill level 1 in Unarmed Combat
  1513 | D:2      | Reached skill level 1 in Evocations
  2061 | D:3      | Noticed a water moccasin
  2114 | D:3      | Killed a water moccasin
  2115 | D:3      | Reached skill level 1 in Conjurations
  2115 | D:3      | Reached skill level 1 in Hexes
  2115 | D:3      | Reached skill level 1 in Summonings
  2115 | D:3      | Reached skill level 1 in Necromancy
  2115 | D:3      | Reached skill level 1 in Translocations
  2115 | D:3      | Reached skill level 1 in Transmutations
  2115 | D:3      | Reached skill level 1 in Fire Magic
  2115 | D:3      | Reached skill level 1 in Air Magic
  2115 | D:3      | Reached skill level 1 in Earth Magic
  2115 | D:3      | Reached skill level 1 in Poison Magic
  2115 | D:3      | Reached XP level 4. HP: 18/32 MP: 3/11
  2115 | D:3      | Reached XP level 5. HP: 21/37 MP: 3/12
  2727 | D:4      | Noticed a black bear
  2733 | D:4      | Killed a black bear
  2734 | D:4      | Reached skill level 5 in Dodging
  2734 | D:4      | Reached XP level 6. HP: 27/44 MP: 3/14
  2737 | D:4      | Noticed a black bear
  2749 | D:4      | Killed a black bear
  2909 | D:4      | Reached XP level 7. HP: 30/50 MP: 6/15
  3233 | D:4      | Noticed Pikel
  3247 | D:4      | Killed Pikel
  3248 | D:4      | Reached skill level 5 in Stealth
  3248 | D:4      | Reached XP level 8. HP: 45/58 MP: 8/16
  3933 | D:4      | Learned a level 4 spell: Summon Ice Beast
  3935 | D:5      | Entered Level 5 of the Dungeon
  3943 | D:5      | Identified the +9 war axe of Clean Valiance {venom, Dex+5}
  4575 | D:6      | Noticed Dowan
  4581 | D:6      | Noticed Duvessa
  4590 | D:6      | Killed Dowan
  4591 | D:6      | Killed Duvessa
  4666 | D:6      | Found a staircase to the Ecumenical Temple.
  4676 | Temple   | Entered the Ecumenical Temple
  4811 | Temple   | Became a worshipper of Gozag Ym Sagoz the Greedy
  5138 | D:6      | Reached XP level 9. HP: 18/65 MP: 10/18
  5874 | D:6      | Identified the amulet of Benoogut {Faith rPois Slay+2 SInv}
  6329 | D:7      | Found a transporter.
  6329 | D:7      | Noticed jazmu's ghost (novice DgHs)
  6334 | D:7      | Identified the +4 dire flail of Truncation {elec, rC+}
  6334 | D:7      | Noticed a two-headed ogre
  6626 | D:7      | Found a transporter.
  6740 | D:8      | Found a sand-covered staircase.
  6749 | Ossuary  | Entered an ossuary
  6912 | Ossuary  | Reached skill level 5 in Invocations
  7036 | Ossuary  | Noticed a silent spectre
  7091 | D:8      | Noticed Maggie
  7101 | D:8      | Killed Maggie
  7445 | D:8      | Reached skill level 5 in Fighting
  7445 | D:8      | Reached skill level 5 in Short Blades
  7445 | D:8      | Reached skill level 5 in Long Blades
  7445 | D:8      | Reached skill level 5 in Axes
  7445 | D:8      | Reached skill level 5 in Maces & Flails
  7445 | D:8      | Reached skill level 5 in Polearms
  7445 | D:8      | Reached skill level 5 in Staves
  7445 | D:8      | Reached skill level 5 in Ranged Weapons
  7445 | D:8      | Reached skill level 5 in Throwing
  7445 | D:8      | Reached skill level 5 in Armour
  7445 | D:8      | Reached skill level 5 in Shields
  7445 | D:8      | Reached skill level 5 in Unarmed Combat
  7445 | D:8      | Reached skill level 5 in Evocations
  7445 | D:8      | Reached XP level 10. HP: 61/74 MP: 15/20
  7867 | D:8      | Found a white marble altar of Elyvilon.
  7868 | D:8      | Found a burning altar of Makhleb.
  7962 | D:9      | Found a shimmering blue altar of Sif Muna.
  7962 | D:9      | Found a radiant altar of Vehumet.
  7962 | D:9      | Found a stormy altar of Qazlal.
  7966 | D:9      | Found a blossoming altar of Fedhas.
  7967 | D:9      | Found a hide-covered altar of Uskayaw.
  7969 | D:9      | Found a bloodstained altar of Trog.
  7970 | D:9      | Found a snail-covered altar of Cheibriados.
  7975 | D:9      | Found a sacrificial altar of Ru.
  7978 | D:9      | Found a shadowy altar of Dithmenos.
  8058 | D:9      | Found an iron altar of Okawaru.
  9134 | D:10     | Entered Level 10 of the Dungeon
  9330 | D:10     | Found a staircase to the Orcish Mines.
  9355 | D:10     | Reached skill level 5 in Conjurations
  9355 | D:10     | Reached skill level 5 in Hexes
  9355 | D:10     | Reached skill level 5 in Summonings
  9355 | D:10     | Reached skill level 5 in Necromancy
  9355 | D:10     | Reached skill level 5 in Translocations
  9355 | D:10     | Reached skill level 5 in Transmutations
  9355 | D:10     | Reached skill level 5 in Fire Magic
  9355 | D:10     | Reached skill level 5 in Air Magic
  9355 | D:10     | Reached skill level 5 in Earth Magic
  9355 | D:10     | Reached skill level 5 in Poison Magic
  9355 | D:10     | Reached XP level 11. HP: 62/81 MP: 13/22
  9723 | D:10     | Found Qaplej's Antique Weapon Boutique.
  9889 | D:10     | Noticed Psyche
  9901 | D:10     | Killed Psyche
  9940 | D:10     | Found a basalt altar of Yredelemnul.
 10105 | D:10     | Noticed a two-headed ogre
 10113 | D:10     | Killed a two-headed ogre
 10330 | D:10     | Found a staircase to the Lair.
 10460 | D:10     | You fall into a shaft and drop 1 floor!
 10642 | D:10     | Found a portal to a secret trove of treasure.
 11158 | Lair:1   | Entered Level 1 of the Lair of Beasts
 12253 | Lair:1   | Reached XP level 12. HP: 72/91 MP: 24/24
 12647 | Lair:1   | Noticed Harold
 12664 | Lair:1   | Killed Harold
 13145 | Lair:2   | Learned a level 4 spell: Animate Armour
 13608 | Lair:2   | Found a hole to the Spider Nest.
 13841 | Lair:2   | HP: 3/92 [komodo dragon (16)]
 14117 | Lair:2   | Noticed a catoblepas
 14487 | Lair:2   | Identified the +12 long sword "Qidau" {chaos, Dex+3}
 14511 | Lair:2   | Killed a catoblepas
 15369 | Lair:3   | Reached XP level 13. HP: 86/98 MP: 20/26
 15549 | Lair:3   | Reached skill level 10 in Ice Magic
 15649 | Lair:3   | Found a staircase to the Shoals.
 17235 | Lair:5   | Entered Level 5 of the Lair of Beasts
 17751 | Lair:5   | Reached skill level 10 in Spellcasting
 18300 | Lair:5   | Found a runed translucent door.
 18321 | Lair:5   | Noticed an acid blob
 18322 | Lair:5   | Found a staircase to the Slime Pits.
 18322 | Lair:5   | Noticed an acid blob
 18322 | Lair:5   | Noticed an acid blob
 18322 | Lair:5   | Noticed an acid blob
 18949 | D:7      | Killed jazmu's ghost
 18950 | D:7      | Reached skill level 10 in Dodging
 19105 | D:10     | Bought a scroll of enchant weapon for 105 gold pieces
 19105 | D:10     | Bought a scroll of enchant weapon for 105 gold pieces
 19439 | D:10     | Bought the ring "Naucisurhi" {rF+ rC+++ Str+2 Int-2 Dex+2}
                  | for 925 gold pieces
 19713 | Lair:5   | Reached skill level 10 in Stealth
 19892 | Lair:5   | Reached skill level 10 in Invocations
 19892 | Lair:5   | Reached XP level 14. HP: 35/108 MP: 10/28
 21206 | Lair:5   | Learned a level 3 spell: Stone Arrow
 21786 | Orc:1    | Entered Level 1 of the Orcish Mines
 21794 | Orc:1    | Found a burning altar of Makhleb.
 21862 | Orc:2    | Entered Level 2 of the Orcish Mines
 22132 | Orc:1    | Noticed an orc warlord
 22165 | Orc:1    | Killed an orc warlord
 22168 | Orc:1    | Noticed Nergalle
 22178 | Orc:1    | Killed Nergalle
 22485 | Orc:2    | Paralysed by an orc sorcerer for 2 turns
 22578 | Orc:1    | Found Ytoerae's Magic Scroll Boutique.
 22603 | Orc:1    | Bought a scroll of identify for 26 gold pieces
 22603 | Orc:1    | Bought a scroll of immolation for 52 gold pieces
 22603 | Orc:1    | Bought a scroll of identify for 26 gold pieces
 22838 | Orc:2    | Found a bloodstained altar of Trog.
 22987 | Orc:2    | Found a staircase to the Elven Halls.
 23388 | Orc:2    | Found Cuatarr's Distillery.
 23429 | Orc:2    | Bought a potion of flight for 42 gold pieces
 23429 | Orc:2    | Bought a potion of haste for 140 gold pieces
 23429 | Orc:2    | Bought a potion of cancellation for 112 gold pieces
 23429 | Orc:2    | Bought a potion of resistance for 140 gold pieces
 23429 | Orc:2    | Bought a potion of heal wounds for 70 gold pieces
 23429 | Orc:2    | Bought a potion of heal wounds for 70 gold pieces
 23476 | Orc:2    | Found a radiant altar of Vehumet.
 23630 | Orc:2    | Found Zupegh's Antique Armour Shoppe.
 23656 | Orc:2    | Bought a dull robe for 165 gold pieces
 23656 | Orc:2    | Identified the +0 robe of the Game Afoot {rN+ Stlth+} (You
                  | bought it in a shop on level 2 of the Orcish Mines)
 23660 | Orc:2    | Found an ancient bone altar of Kikubaaqudgha.
 23694 | Orc:2    | Found Vyobov Parha's Book Shoppe.
 23776 | Orc:2    | Found Letwoin's Distillery.
 23797 | Orc:2    | Bought a potion of might for 64 gold pieces
 23797 | Orc:2    | Bought 2 potions of mutation for 256 gold pieces
 23967 | Orc:2    | Bought a manual of Stealth for 1200 gold pieces
 24762 | D:12     | Reached skill level 10 in Fighting
 24762 | D:12     | Reached skill level 10 in Short Blades
 24762 | D:12     | Reached skill level 10 in Long Blades
 24762 | D:12     | Reached skill level 10 in Axes
 24762 | D:12     | Reached skill level 10 in Maces & Flails
 24762 | D:12     | Reached skill level 10 in Polearms
 24762 | D:12     | Reached skill level 10 in Staves
 24762 | D:12     | Reached skill level 10 in Ranged Weapons
 24762 | D:12     | Reached skill level 10 in Throwing
 24762 | D:12     | Reached skill level 10 in Armour
 24762 | D:12     | Reached skill level 10 in Shields
 24762 | D:12     | Reached skill level 10 in Unarmed Combat
 24762 | D:12     | Reached skill level 10 in Evocations
 24862 | D:12     | Found a frozen archway.
 24887 | IceCv    | Entered an ice cave
 25129 | IceCv    | Reached XP level 15. HP: 115/115 MP: 24/30
 25831 | IceCv    | Noticed a frost giant
 25846 | IceCv    | Mangled by a frost giant

Illustrated notes

Levels and vault maps discovered:
D:1:      dpeg_arrival_tiny_d, layout_basic, lexackson_kobold_supper
D:2:      layout_loops_ring, ebering_ecumenical_altar_hall
D:3:      layout_basic
D:4:      layout_loops_cross, minmay_misc_feat_x, uniq_pikel
D:5:      layout_rooms, roderic_three_in_a_row
D:6:      layout_loops_ring, minmay_temple_entry_statues_fountains, uniq_duvessa
D:7:      layout_rooms, gammafunk_ghost_smash
D:8:      layout_gridville, gammafunk_temple_overflow_statue,
          lightli_ossuary_entry_decrepit_ruins, uniq_maggie
D:9:      layout_basic, nicolae_overflow_hallway_of_the_gods
D:10:     layout_roguey, lemuel_coloured_pillars_altar, david_lair_shrubbed,
          david_orc_5, serial_shops, shop, nicolae_trove_entry_path_of_doom,
          uniq_psyche
D:11:     layout_irregular_city
D:12:     layout_roguey, portal_ice_cave_demonic_guard
Temple:   nicolae_temple_figure_zero
Lair:1:   layout_loops_ring, special_room [special_room_bee],
          chequers_serial_rivers_micro_b, st_stairs_3, beast_lair_carwin_7,
          lemuel_fruit_tree, uniq_harold
Lair:2:   layout_loops_ring, spider_nest_entry_funnel_web, beast_lair_carwin_2,
          serial_bayou_shore_b
Lair:3:   layout_concentric_octagons, minmay_shoals_entry_beasts
Lair:4:   layout_hall_layers
Lair:5:   minmay_lair_end_enchanted_forest, layout_regular_city, slime_entry_2
Orc:1:    layout_diamond_mine, serial_shops, shop, bloody_makhleb, uniq_nergalle
Orc:2:    kennysheep_orc_mage_school, layout_caves, basic_altar,
          nicolae_orc_damp_corner
IceCv:    ice_cave_caverns_01

Skill      XL: |  1  2  3  4  5  6  7  8  9 10 11 12 13 14 15 |
---------------+----------------------------------------------+-----
Spellcasting   | 5 6 7 8 9 10 11 | 11.4
Invocations    | 1 2 3 4 5 6 7 8 10 11 | 11.2
Fighting       | 1 2 3 4 5 6 7 8 9 10 | 10.3
Short Blades   | 1 2 3 4 5 6 7 8 9 10 | 10.3
Long Blades    | 1 2 3 4 5 6 7 8 9 10 | 10.3
Axes           | 1 2 3 4 5 6 7 8 9 10 | 10.3
Maces & Flails | 1 2 3 4 5 6 7 8 9 10 | 10.3
Polearms       | 1 2 3 4 5 6 7 8 9 10 | 10.3
Staves         | 1 2 3 4 5 6 7 8 9 10 | 10.3
Ranged Weapons | 1 2 3 4 5 6 7 8 9 10 | 10.3
Throwing       | 1 2 3 4 5 6 7 8 9 10 | 10.3
Armour         | 1 2 3 4 5 6 7 8 9 10 | 10.3
Shields        | 1 2 3 4 5 6 7 8 9 10 | 10.3
Unarmed Combat | 1 2 3 4 5 6 7 8 9 10 | 10.3
Evocations     | 1 2 3 4 5 6 7 8 9 10 | 10.3
Conjurations   | 1 2 3 4 5 6 7 8 |  8.6
Hexes          | 1 2 3 4 5 6 7 8 |  8.6
Summonings     | 1 2 3 4 5 6 7 8 |  8.6
Necromancy     | 1 2 3 4 5 6 7 8 |  8.6
Translocations | 1 2 3 4 5 6 7 8 |  8.6
Transmutations | 1 2 3 4 5 6 7 8 |  8.6
Fire Magic     | 1 2 3 4 5 6 7 8 |  8.6
Air Magic      | 1 2 3 4 5 6 7 8 |  8.6
Earth Magic    | 1 2 3 4 5 6 7 8 |  8.6
Poison Magic   | 1 2 3 4 5 6 7 8 |  8.6
Dodging        | 5 6 7 8 9 10 11 | 11.3
Stealth        | 5 6 7 8 9 10 11 | 11.5
Ice Magic      | 8 9 10 11 | 11.2

Action                     |  1- 3 |  4- 6 |  7- 9 | 10-12 | 13-15 || total
---------------------------+-------+-------+-------+-------+-------++-------
  Melee: Unarmed           |     4 |       |       |       |       ||     4
         Spear             |    48 |    38 |     2 |       |       ||    88
         Bite              |     4 |     4 |    20 |    41 |    89 ||   158
         Punch             |       |     1 |     6 |    20 |    12 ||    39
         War axe           |       |       |   140 |   324 |   471 ||   935
  Throw: Javelin           |       |       |     7 |    12 |    39 ||    58
   Cast: Freeze            |    51 |     8 |     6 |     1 |     8 ||    74
         Frozen Ramparts   |     1 |     6 |    35 |    59 |    92 ||   193
         Ozocubu's Armour  |     1 |     2 |    16 |    28 |    47 ||    94
         Hailstorm         |       |       |     5 |    17 |    25 ||    47
         Summon Ice Beast  |       |       |     2 |       |     5 ||     7
         Animate Armour    |       |       |       |     3 |       ||     3
         Stone Arrow       |       |       |       |       |     6 ||     6
 Invoke: Call Merchant     |       |       |       |       |     3 ||     3
  Evoke: Wand              |       |       |       |       |    10 ||    10
    Use: Scroll            |     4 |       |     4 |     1 |    15 ||    24
         Potion            |       |       |       |     1 |     5 ||     6
   Stab: Sleeping          |     5 |     4 |     6 |     2 |     5 ||    22
         Distracted        |       |       |       |       |     3 ||     3
 Armour: Robe              |     4 |    11 |    27 |       |    91 ||   133
         Swamp dragon scal |       |       |     6 |   134 |    50 ||   190
  Dodge: Dodged            |    32 |    19 |   111 |   223 |   390 ||   775
  Block: Kite shield       |       |       |       |       |   312 ||   312

Table legend: (Time is in decaauts)
 A = Elapsed time spent in this place.
 B = Non-inter-level travel time spent in this place.
 C = Inter-level travel time spent in this place.
 D = Time resting spent in this place.
 E = Time spent auto-exploring this place.
 F = Levels seen in this place.
 G = Mean time per level.
                   A        B        C        D        E       F      G
               +--------+--------+--------+--------+--------+-----+--------+
         Total |  26073 |  24471 |   1602 |    919 |  18042 |  22 | 1185.1 |
       Dungeon |  12517 |  11435 |   1082 |    112 |   9331 |  12 | 1043.1 |
        Temple |    143 |    126 |     17 |      0 |    113 |   1 |  143.0 |
          Lair |   9748 |   9399 |    349 |    686 |   6783 |   5 | 1949.6 |
  Orcish Mines |   2349 |   2197 |    152 |      0 |   1153 |   2 | 1174.5 |
       Ossuary |    343 |    343 |      0 |      0 |    178 |   1 |  343.0 |
      Ice Cave |    970 |    970 |      0 |    121 |    484 |   1 |  970.0 |
               +--------+--------+--------+--------+--------+-----+--------+

Top non-repeatable levels by time:
  Lair:5: 2694 daAuts
  Lair:2: 2508 daAuts
    D:10: 2372 daAuts
  Lair:1: 1876 daAuts
  Lair:4: 1714 daAuts
   Orc:2: 1701 daAuts
     D:4: 1302 daAuts
     D:6: 1289 daAuts
     D:9: 1227 daAuts
     D:1: 1093 daAuts
     D:8: 1001 daAuts
   IceCv: 970 daAuts
  Lair:3: 954 daAuts
     D:7: 939 daAuts
     D:3: 904 daAuts
